[Event "ICC tourney 2329 (3 2)"]
[Site "Internet Chess Club"]
[Date "2021.01.22"]
[Round "9"]
[White "InfernoKing"]
[Black "Drachekokosnuss"]
[Result "1-0"]
[ICCResult "Black checkmated"]
[WhiteElo "2133"]
[BlackElo "2100"]
[Opening "Petrov: Italian variation"]
[ECO "C24"]
[NIC "IG.04"]
[Time "23:56:59"]
[PlyCount "123"]
[TimeControl "180+2"]

1. e4 e5 2. Bc4 Nf6 3. Nf3 Nxe4 4. Nxe5 d5 5. Be2 Bd6 6. d4 O-O 7. O-O c5
8. c3 cxd4 9. cxd4 Nc6 10. Nc3 Nxc3 11. bxc3 Nxe5 12. dxe5 Bxe5 13. Qc2 Qf6
14. Bd3 h6 15. Bd2 Be6 16. Rfe1 Rac8 17. Rab1 Bxc3 18. Bxc3 Rxc3 19. Qd2
Rxd3 20. Qxd3 Bf5 21. Qxd5 Bxb1 22. Rxb1 b6 23. g3 Rd8 24. Qb7 Rd2 25. Qa8+
Kh7 26. Qe4+ Qg6 27. Qxg6+ Kxg6 28. a4 Rd5 29. Kg2 Ra5 30. Rb4 Re5 31. Kf3
Rc5 32. h4 Rc3+ 33. Kg4 f5+ 34. Kf4 Kf6 35. h5 Rc1 36. f3 Rh1 37. g4 fxg4
38. fxg4 Rf1+ 39. Kg3 Re1 40. Rf4+ Ke7 41. Rd4 Re6 42. Kf4 Rd6 43. Re4+ Re6
44. Rc4 Kf6 45. Rc7 Re7 46. Rc6+ Kf7 47. Kf5 Rd7 48. Rc8 Rd5+ 49. Ke4 Ra5
50. Rc4 Kf6 51. Kf4 b5 52. axb5 Rxb5 53. Rc6+ Kf7 54. Rc7+ Kf6 55. Rxa7
Rb4+ 56. Kg3 Rb3+ 57. Kf4 Rb4+ 58. Kg3 Re4 59. Ra6+ Re6 60. Ra5 Re5 61.
Ra6+ Kg5 62. Rg6# { Black checkmated } 1-0

[Event "ICC tourney 2329 (3 2)"]
[Site "Internet Chess Club"]
[Date "2021.01.22"]
[Round "9"]
[White "woochess"]
[Black "jefferyx"]
[Result "0-1"]
[ICCResult "White forfeits on time"]
[WhiteElo "2595"]
[BlackElo "2825"]
[Opening "QGA: classical variation, 6.O-O"]
[ECO "D26"]
[NIC "QG.08"]
[Time "23:56:14"]
[PlyCount "96"]
[TimeControl "180+2"]

1. d4 Nf6 2. Nf3 d5 3. c4 dxc4 4. e3 e6 5. Bxc4 c5 6. O-O Nc6 7. dxc5 Qxd1
8. Rxd1 Bxc5 9. b3 a6 10. Bb2 Be7 11. Nbd2 b5 12. Be2 Bb7 13. a4 b4 14. Nc4
O-O 15. Rac1 Rad8 16. Nd4 Ne4 17. Nxc6 Bxc6 18. Bd4 Bf6 19. Bxf6 gxf6 20.
Bf3 Nc3 21. Rxd8 Rxd8 22. Kf1 Bxf3 23. gxf3 Kg7 24. Ke1 Kg6 25. Nd2 Rd3 26.
Rc2 Kh5 27. Kf1 Kg6 28. Nc4 Nd5 29. Rb2 Rd1+ 30. Kg2 Rc1 31. Rd2 Rc3 32.
Na5 f5 33. Rd4 Rc2 34. Nc4 Kf6 35. Rh4 Kg7 36. Rd4 Rc3 37. Na5 Rc1 38. Nc4
Rb1 39. Na5 Rb2 40. Rd3 f4 41. Nc4 Rb1 42. e4 Nc3 43. Na5 Kf6 44. Rd2 Re1
45. Nc4 Rb1 46. Na5 h5 47. h4 Kg7 48. Rd4 Rb2 { White forfeits on time }
0-1

[Event "ICC tourney 2329 (3 2)"]
[Site "Internet Chess Club"]
[Date "2021.01.22"]
[Round "9"]
[White "ChiefDas"]
[Black "yuanbao2007"]
[Result "1-0"]
[ICCResult "Black resigns"]
[WhiteElo "1857"]
[BlackElo "1664"]
[Opening "French: Réti (Spielmann) variation"]
[ECO "C00"]
[NIC "FR.01"]
[Time "23:56:08"]
[PlyCount "131"]
[TimeControl "180+2"]

1. e4 e6 2. b3 d5 3. Bb2 c5 4. exd5 exd5 5. Bb5+ Bd7 6. Qe2+ Qe7 7. Bxd7+
Nxd7 8. Nc3 Qxe2+ 9. Ngxe2 Ngf6 10. O-O-O a6 11. f3 d4 12. Ne4 Be7 13. N2g3
Nxe4 14. Nxe4 O-O 15. Rhe1 Rfe8 16. Re2 f5 17. Ng3 g6 18. Rde1 Kf7 19. b4
b6 20. Re6 Bf6 21. Rxe8 Rxe8 22. Rxe8 Kxe8 23. bxc5 bxc5 24. Ba3 Kf7 25.
Ne2 Ke6 26. Nf4+ Ke5 27. Nd3+ Ke6 28. Nxc5+ Nxc5 29. Bxc5 Kd5 30. Bf8 Kc4
31. Kb2 a5 32. d3+ Kb5 33. Kb3 Be5 34. a4+ Kb6 35. h3 Bf6 36. Kc4 Kc6 37.
Bc5 g5 38. Bxd4 Bxd4 39. Kxd4 Kd6 40. c4 h5 41. c5+ Ke6 42. c6 Kd6 43. c7
Kxc7 44. Ke5 Kc6 45. d4 g4 46. hxg4 fxg4 47. fxg4 hxg4 48. d5+ Kd7 49. d6
Ke8 50. Ke6 Kd8 51. g3 Ke8 52. Kd5 Kd7 53. Kc5 Kd8 54. Kb6 Kd7 55. Kxa5
Kxd6 56. Kb6 Kd5 57. a5 Ke4 58. a6 Kf3 59. a7 Kxg3 60. a8=Q Kh3 61. Qh1+
Kg3 62. Qg1+ Kh3 63. Kc5 g3 64. Kd4 g2 65. Ke3 Kg3 66. Ke2 { Black resigns
} 1-0

[Event "ICC tourney 2329 (3 2)"]
[Site "Internet Chess Club"]
[Date "2021.01.22"]
[Round "9"]
[White "Averyyu321"]
[Black "ZYCON"]
[Result "0-1"]
[ICCResult "White checkmated"]
[WhiteElo "1713"]
[BlackElo "1385"]
[Opening "Sicilian: Prins (Moscow) variation"]
[ECO "B55"]
[NIC "SI.01"]
[Time "23:56:13"]
[PlyCount "108"]
[TimeControl "180+2"]

1. e4 c5 2. Nf3 d6 3. d4 cxd4 4. Nxd4 Nf6 5. f3 g6 6. c4 Bg7 7. Nc3 O-O 8.
Nc2 Nc6 9. Be3 Be6 10. Be2 Nd7 11. Qd2 Nde5 12. b3 Qa5 13. O-O Nd7 14. Nd4
Nxd4 15. Bxd4 a6 16. a3 Rfc8 17. Bxg7 Kxg7 18. Qd4+ Kg8 19. Nd5 Bxd5 20.
exd5 Qc5 21. Rfd1 Qxd4+ 22. Rxd4 Nc5 23. Rb1 a5 24. Bd1 Kg7 25. Rb2 a4 26.
b4 Nd7 27. Re2 Kf8 28. Bc2 Ne5 29. Ree4 b5 30. Bd3 Nxd3 31. Rxd3 Rxc4 32.
Rxc4 bxc4 33. Rc3 Rc8 34. Kf2 e6 35. dxe6 fxe6 36. Ke3 d5 37. Kd4 Ke7 38.
f4 Kd6 39. g3 Rf8 40. h4 h6 41. b5 Rb8 42. g4 Rxb5 43. h5 g5 44. Rf3 Rb3
45. fxg5 Rxf3 46. gxh6 Rf8 47. g5 e5+ 48. Ke3 d4+ 49. Kd2 e4 50. h7 c3+ 51.
Kd1 d3 52. Ke1 e3 53. g6 c2 54. g7 c1=R# { White checkmated } 0-1

[Event "ICC tourney 2329 (3 2)"]
[Site "Internet Chess Club"]
[Date "2021.01.22"]
[Round "9"]
[White "ASharikov"]
[Black "BreatheChessAls"]
[Result "1-0"]
[ICCResult "Black forfeits on time"]
[WhiteElo "2281"]
[BlackElo "1915"]
[Opening "Saragossa opening"]
[ECO "A00"]
[NIC "VO.12"]
[Time "23:56:08"]
[PlyCount "115"]
[TimeControl "180+2"]

1. c3 d5 2. Qa4+ c6 3. g4 Nd7 4. d3 Nc5 5. Qd4 e6 6. Nf3 Nd7 7. g5 c5 8.
Qf4 g6 9. h4 Bg7 10. h5 Ne7 11. Na3 a6 12. Nc2 e5 13. Qg3 Nf5 14. Qg1 e4
15. dxe4 dxe4 16. Nh4 Ne5 17. Bf4 Nc4 18. Qg2 e3 19. Rd1 Qe7 20. Nxf5 Bxf5
21. Nxe3 Nxb2 22. Nd5 Bxc3+ 23. Nxc3 Nxd1 24. Nd5 Be4 25. Qxe4 Qxe4 26.
Nf6+ Ke7 27. Nxe4 Nb2 28. hxg6 hxg6 29. Rxh8 Rxh8 30. Be5 Rh4 31. f3 Nc4
32. Bf6+ Ke8 33. Kf2 b6 34. e3 Rh2+ 35. Kg3 Nxe3 36. Kxh2 Nxf1+ 37. Kg1 Ne3
38. Nd6+ Kf8 39. Kf2 Nd5 40. Ke2 b5 41. Kd2 c4 42. Nb7 b4 43. Na5 c3+ 44.
Kd3 Ke8 45. Kc4 c2 46. Nb3 Nxf6 47. gxf6 Kd7 48. Kxb4 Ke6 49. Ka5 Kxf6 50.
Kxa6 Ke6 51. Kb5 Kd6 52. Kc4 g5 53. Kc3 f5 54. Kxc2 g4 55. fxg4 fxg4 56.
Kd2 g3 57. Ke2 Kd5 58. a4 { Black forfeits on time } 1-0

[Event "ICC tourney 2329 (3 2)"]
[Site "Internet Chess Club"]
[Date "2021.01.22"]
[Round "9"]
[White "muzikmixer"]
[Black "Shakhmatova"]
[Result "0-1"]
[ICCResult "White checkmated"]
[WhiteElo "1633"]
[BlackElo "1756"]
[Opening "Pirc: Ufimtsev-Pytel variation"]
[ECO "A45"]
[NIC "QP.07"]
[Time "23:56:19"]
[PlyCount "146"]
[TimeControl "180+2"]

1. d4 Nf6 2. Nc3 c6 3. e4 d6 4. Be2 g6 5. Nf3 Bg7 6. O-O Qc7 7. Be3 Bg4 8.
Ne1 Be6 9. h3 h5 10. Bg5 Nbd7 11. Qd2 Bg4 12. hxg4 hxg4 13. e5 dxe5 14.
dxe5 Nxe5 15. Bxf6 Bxf6 16. g3 Rd8 17. Qf4 g5 18. Qf5 Rh6 19. Bxg4 e6 20.
Qe4 Rd4 21. Qxd4 Nf3+ 22. Nxf3 Bxd4 23. Nxd4 Qb6 24. Nb3 Qb4 25. Bf3 g4 26.
Bg2 Qe7 27. Ne4 f5 28. Nec5 b6 29. Nd3 Qg5 30. Nf4 e5 31. Rfe1 Qf6 32. Rad1
Ke7 33. Kf1 Qf7 34. Rd2 Qc4+ 35. Kg1 e4 36. Bf1 Qb4 37. Red1 Kf6 38. Rd6+
Kg5 39. Rxh6 Kxh6 40. Nd4 Qc5 41. Nde6 Qxc2 42. Rd8 Kh7 43. Rd7+ Kh6 44.
Nf8 Kg5 45. Nh7+ Kh6 46. Nf8 Kg5 47. Rg7+ Kf6 48. Rg6+ Ke5 49. Re6+ Kd4 50.
Rd6+ Kc5 51. Rd7 Qxb2 52. N8e6+ Kb4 53. Rd4+ Ka5 54. Rd7 a6 55. Ra7 b5 56.
Nd8 e3 57. Rxa6+ Kxa6 58. fxe3 Qxa2 59. Nxc6 Qa1 60. Nb4+ Ka5 61. Nc6+ Ka4
62. Nd4 Qe1 63. Nc2 Qd2 64. Ng2 Qxc2 65. Kh2 b4 66. Kg1 b3 67. Nf4 b2 68.
Ne2 b1=Q 69. Nd4 Qc5 70. Ne2 Qxe3+ 71. Kg2 Qf3+ 72. Kg1 Qbxf1+ 73. Kh2
Q3h1# { White checkmated } 0-1

[Event "ICC tourney 2329 (3 2)"]
[Site "Internet Chess Club"]
[Date "2021.01.23"]
[Round "10"]
[White "michaelxiao"]
[Black "Gnanathan"]
[Result "1-0"]
[ICCResult "Black resigns"]
[WhiteElo "1336"]
[BlackElo "1101"]
[Opening "Sicilian: Alapin's variation (2.c3)"]
[ECO "B22"]
[NIC "SI.46"]
[Time "00:09:06"]
[PlyCount "37"]
[TimeControl "180+2"]

1. e4 c5 2. c3 Nc6 3. d4 cxd4 4. cxd4 d5 5. exd5 Qxd5 6. Nf3 Nf6 7. Nc3 Qd8
8. Bb5 e6 9. Bg5 Bb4 10. d5 exd5 11. Bxf6 Qxf6 12. O-O O-O 13. Nxd5 Qd6 14.
Bxc6 bxc6 15. Nxb4 Qxb4 16. b3 Bg4 17. Rc1 Rac8 18. Rc4 Qe7 19. Rxg4 {
Black resigns } 1-0

[Event "ICC tourney 2329 (3 2)"]
[Site "Internet Chess Club"]
[Date "2021.01.23"]
[Round "10"]
[White "Assured"]
[Black "woochess"]
[Result "1/2-1/2"]
[ICCResult "Game drawn by mutual agreement"]
[WhiteElo "2577"]
[BlackElo "2595"]
[Opening "Queen's pawn: Torre attack"]
[ECO "A46"]
[NIC "QP.04"]
[Time "00:08:12"]
[PlyCount "35"]
[TimeControl "180+2"]

1. d4 Nf6 2. Nf3 e6 3. Bg5 h6 4. Bh4 Be7 5. Nbd2 O-O 6. c3 d6 7. e3 Nbd7 8.
Bd3 b6 9. O-O Bb7 10. Re1 a6 11. a4 c5 12. e4 Nh5 13. Bxe7 Qxe7 14. Bf1
Rfd8 15. Qb3 cxd4 16. cxd4 Nhf6 17. Rac1 Rac8 18. Qe3 { Game drawn by
mutual agreement } 1/2-1/2

[Event "ICC tourney 2329 (3 2)"]
[Site "Internet Chess Club"]
[Date "2021.01.23"]
[Round "10"]
[White "Kokosnuss1000"]
[Black "Averyyu321"]
[Result "0-1"]
[ICCResult "White checkmated"]
[WhiteElo "1650"]
[BlackElo "1713"]
[Opening "Sicilian: dragon, classical, 9.Nb3"]
[ECO "B74"]
[NIC "SI.16"]
[Time "00:08:15"]
[PlyCount "74"]
[TimeControl "180+2"]

1. e4 c5 2. Nf3 d6 3. d4 cxd4 4. Nxd4 Nf6 5. Nc3 g6 6. Be3 Bg7 7. Be2 O-O
8. O-O Nc6 9. Nb3 a6 10. f4 Qc7 11. f5 b5 12. Rf3 Ne5 13. Rh3 Bb7 14. Qd2
Bxe4 15. Nxe4 Nxe4 16. Qc1 Nf6 17. Bh6 Qb6+ 18. Kh1 Neg4 19. Bxg4 Nxg4 20.
Bxg7 Nf2+ 21. Kg1 Nxh3+ 22. Kh1 Nf2+ 23. Kg1 Nd3+ 24. Bd4 Nxc1 25. Bxb6
Nxb3 26. cxb3 Rfb8 27. Be3 gxf5 28. Rc1 Rc8 29. Re1 e5 30. Rf1 f4 31. Bd2
Rc2 32. Rf2 Rac8 33. h3 Rxb2 34. Be1 Rcc2 35. Rf1 Rxg2+ 36. Kh1 Rh2+ 37.
Kg1 Rbg2# { White checkmated } 0-1

[Event "ICC tourney 2329 (3 2)"]
[Site "Internet Chess Club"]
[Date "2021.01.23"]
[Round "10"]
[White "clair"]
[Black "ConnorGo"]
[Result "1-0"]
[ICCResult "Black resigns"]
[WhiteElo "1681"]
[BlackElo "1145"]
[Opening "Modern defense"]
[ECO "A40"]
[NIC "QO.17"]
[Time "00:08:12"]
[PlyCount "47"]
[TimeControl "180+2"]

1. d4 g6 2. Bf4 Bg7 3. Nc3 e6 4. e3 d5 5. Nf3 Ne7 6. Be2 O-O 7. Ne5 Nbc6 8.
h4 Nxe5 9. Bxe5 f6 10. Bf4 c6 11. h5 g5 12. h6 gxf4 13. hxg7 Kxg7 14. exf4
Nf5 15. g4 Nd6 16. Bd3 f5 17. g5 Ne4 18. Bxe4 dxe4 19. Qh5 Rh8 20. Qh6+ Kf7
21. g6+ hxg6 22. Qxh8 Qxd4 23. Qxd4 e5 24. Qxe5 { Black resigns } 1-0

[Event "ICC tourney 2329 (3 2)"]
[Site "Internet Chess Club"]
[Date "2021.01.23"]
[Round "10"]
[White "HR2005"]
[Black "InfernoKing"]
[Result "0-1"]
[ICCResult "White resigns"]
[WhiteElo "2041"]
[BlackElo "2133"]
[Opening "Ruy Lopez: classical defense, 4.c3"]
[ECO "C64"]
[NIC "RL.01"]
[Time "00:08:22"]
[PlyCount "80"]
[TimeControl "180+2"]

1. e4 e5 2. Nf3 Nc6 3. Bb5 Bc5 4. c3 a6 5. Ba4 Nf6 6. O-O b5 7. Bc2 d6 8.
d4 exd4 9. cxd4 Bb6 10. h3 O-O 11. Be3 Nb4 12. Bb3 Bb7 13. a3 Nc6 14. Nbd2
Na5 15. Bc2 Nc4 16. Nxc4 bxc4 17. Qb1 h6 18. Rd1 Re8 19. e5 Nd5 20. Re1
dxe5 21. Nxe5 Nxe3 22. fxe3 Bxd4 23. exd4 Qxd4+ 24. Kh1 Rxe5 25. Bh7+ Kh8
26. Qc2 Re3 27. Rxe3 Qxe3 28. Kh2 Qe5+ 29. Kh1 g6 30. Bxg6 fxg6 31. Qxg6
Qg7 32. Qxg7+ Kxg7 33. Rd1 Bc6 34. Rc1 Bd5 35. Re1 Kf6 36. Rf1+ Ke7 37. Rf5
Be6 38. Rc5 Kd6 39. Rh5 Rb8 40. Rxh6 Rxb2 { White resigns } 0-1

[Event "ICC tourney 2329 (3 2)"]
[Site "Internet Chess Club"]
[Date "2021.01.23"]
[Round "10"]
[White "JDD01"]
[Black "Shakhmatova"]
[Result "0-1"]
[ICCResult "White resigns"]
[WhiteElo "1817"]
[BlackElo "1756"]
[Opening "QP counter-gambit (elephant gambit)"]
[ECO "C40"]
[NIC "KP.10"]
[Time "00:08:17"]
[PlyCount "58"]
[TimeControl "180+2"]

1. e4 e5 2. Nf3 d5 3. exd5 e4 4. Nd4 Qxd5 5. Nb3 Nf6 6. Nc3 Qe6 7. Be2 c6
8. O-O Bd6 9. d3 O-O 10. dxe4 Nxe4 11. Nxe4 Bxh2+ 12. Kxh2 Qxe4 13. Bf3
Qh4+ 14. Kg1 Be6 15. Re1 Na6 16. Qd4 Qe7 17. Bg4 Rad8 18. Qe4 Nb4 19. Bxe6
fxe6 20. Be3 Nd5 21. Bc5 Qg5 22. Qxe6+ Kh8 23. Bxf8 Rxf8 24. Qe4 Nf4 25.
Nd4 Nh3+ 26. Kh2 Nxf2 27. Qe3 Qh4+ 28. Qh3 Nxh3 29. gxh3 Qxd4 { White
resigns } 0-1

[Event "ICC tourney 2329 (3 2)"]
[Site "Internet Chess Club"]
[Date "2021.01.23"]
[Round "10"]
[White "ASharikov"]
[Black "kurumania"]
[Result "0-1"]
[ICCResult "White resigns"]
[WhiteElo "2281"]
[BlackElo "2514"]
[Opening "Saragossa opening"]
[ECO "A00"]
[NIC "VO.12"]
[Time "00:08:16"]
[PlyCount "64"]
[TimeControl "180+2"]

1. c3 c5 2. d3 Nc6 3. Nd2 d5 4. h3 e5 5. g4 h5 6. gxh5 Nf6 7. h4 Nxh5 8.
Ngf3 Bd6 9. Rg1 Qe7 10. Qb3 e4 11. dxe4 dxe4 12. Ng5 e3 13. fxe3 Bg3+ 14.
Kd1 Bxh4 15. Ngf3 Bf2 16. Rh1 Bxe3 17. Qd5 Bg4 18. Qe4 Qxe4 19. Nxe4 O-O-O+
20. Ke1 Bxc1 21. Rxc1 c4 22. Nfg5 Ne5 23. Nf2 Bf5 24. Bg2 Nf4 25. Kf1 Rxh1+
26. Bxh1 Rd2 27. Rd1 Rxb2 28. Rd4 Nxe2 29. Rd5 f6 30. Rc5+ Kb8 31. Nge4 Nf4
32. Kg1 b6 { White resigns } 0-1

[Event "ICC tourney 2329 (3 2)"]
[Site "Internet Chess Club"]
[Date "2021.01.23"]
[Round "10"]
[White "Drachekokosnuss"]
[Black "ZYCON"]
[Result "1-0"]
[ICCResult "Black checkmated"]
[WhiteElo "2100"]
[BlackElo "1385"]
[Opening "Sicilian: dragon, Yugoslav attack, 10.O-O-O"]
[ECO "B78"]
[NIC "SI.18"]
[Time "00:08:31"]
[PlyCount "109"]
[TimeControl "180+2"]

1. e4 c5 2. Nf3 d6 3. d4 cxd4 4. Nxd4 Nf6 5. Nc3 g6 6. Be3 Bg7 7. f3 O-O 8.
Qd2 Nc6 9. Bc4 Bd7 10. O-O-O Rc8 11. Bb3 Ne5 12. Kb1 Nc4 13. Bxc4 Rxc4 14.
h4 Nh5 15. g4 Bxd4 16. Bxd4 Ng7 17. h5 Qa5 18. hxg6 fxg6 19. Qh6 Rxd4 20.
Rxd4 Rxf3 21. Qxh7+ Kf7 22. Rdd1 Bxg4 23. Rdf1 Qe5 24. Rxf3+ Bxf3 25. Rf1
Qf6 26. Nd5 Bxe4 27. Rxf6+ exf6 28. Nc3 Bc6 29. Qh3 f5 30. Qd3 Ne6 31. Qxd6
Kf6 32. Nd5+ Bxd5 33. Qxd5 b6 34. Qb7 f4 35. Qxa7 g5 36. Qxb6 Kf5 37. Qb5+
Ke4 38. Qd3+ Ke5 39. c4 Kf6 40. c5 Nxc5 41. Qd4+ Kf5 42. Qxc5+ Kg4 43. Qg1+
Kf5 44. b4 g4 45. b5 f3 46. b6 g3 47. Qxg3 f2 48. Qxf2+ Ke4 49. b7 Kd5 50.
b8=Q Ke6 51. Qe8+ Kd5 52. Qd2+ Kc5 53. Qc8+ Kb5 54. Qb2+ Ka5 55. Qa8# {
Black checkmated } 1-0

[Event "ICC tourney 2329 (3 2)"]
[Site "Internet Chess Club"]
[Date "2021.01.23"]
[Round "10"]
[White "marinaxiao"]
[Black "stephenwilly"]
[Result "0-1"]
[ICCResult "White checkmated"]
[WhiteElo "1496"]
[BlackElo "1460"]
[Opening "Giuoco Piano"]
[ECO "C54"]
[NIC "IG.02"]
[Time "00:08:14"]
[PlyCount "86"]
[TimeControl "180+2"]

1. e4 e5 2. Nf3 Nc6 3. Bc4 Bc5 4. c3 Nf6 5. d3 d5 6. exd5 Nxd5 7. Qb3 Nce7
8. Nxe5 O-O 9. O-O c6 10. d4 Bd6 11. Nf3 Be6 12. Bg5 b5 13. Bxe7 bxc4 14.
Bxd8 cxb3 15. Bg5 bxa2 16. Nbd2 f6 17. Be3 Bf4 18. Bxf4 Nxf4 19. c4 g5 20.
Rxa2 g4 21. Ne1 Ne2+ 22. Kh1 Nxd4 23. Nd3 Rad8 24. Nf4 Bf7 25. Rxa7 Ne2 26.
Nxe2 Rxd2 27. Nc3 Bxc4 28. Rb1 Rxf2 29. b3 Bd5 30. Nxd5 cxd5 31. Rd7 Re8
32. Rxd5 Ree2 33. Rg1 Rb2 34. Rd3 h5 35. Rd8+ Kf7 36. Rb8 h4 37. Rh8 h3 38.
b4 hxg2+ 39. Rxg2 Rxg2 40. b5 Rgc2 41. Rh7+ Kg6 42. Rd7 Rc1+ 43. Rd1 Rxd1#
{ White checkmated } 0-1

[Event "ICC tourney 2329 (3 2)"]
[Site "Internet Chess Club"]
[Date "2021.01.23"]
[Round "10"]
[White "Purushottam123"]
[Black "Kinawa"]
[Result "1-0"]
[ICCResult "Black forfeits on time"]
[WhiteElo "1700"]
[BlackElo "1535"]
[Opening "Caro-Kann: advance variation"]
[ECO "B12"]
[NIC "CK.02"]
[Time "00:08:32"]
[PlyCount "69"]
[TimeControl "180+2"]

1. e4 c6 2. d4 d5 3. e5 c5 4. c3 Nc6 5. Nf3 Bg4 6. Be2 e6 7. O-O Nge7 8.
Na3 a6 9. Nc2 Nf5 10. h3 Bxf3 11. Bxf3 Qb6 12. dxc5 Bxc5 13. b4 Be7 14. Re1
Bh4 15. Ne3 Nxe5 16. Nxf5 Bxf2+ 17. Kh1 Bxe1 18. Qxe1 Nxf3 19. gxf3 O-O 20.
Be3 Qc7 21. Ng3 f5 22. f4 Rf6 23. Bd4 Rg6 24. Be5 Qc4 25. Kh2 Qd3 26. Qf2
Rc8 27. Rg1 Rc4 28. Nh5 Re4 29. Ng3 Re3 30. Bd4 Rf3 31. Qe1 Rxf4 32. Ne2
Rf3 33. Rxg6 Rxh3+ 34. Kg1 hxg6 35. Nf4 { Black forfeits on time } 1-0

[Event "ICC tourney 2329 (3 2)"]
[Site "Internet Chess Club"]
[Date "2021.01.23"]
[Round "10"]
[White "avocuddle"]
[Black "ChiefDas"]
[Result "0-1"]
[ICCResult "White resigns"]
[WhiteElo "1961"]
[BlackElo "1857"]
[Opening "QGA: 3.e4"]
[ECO "D20"]
[NIC "QG.04"]
[Time "00:08:22"]
[PlyCount "86"]
[TimeControl "180+2"]

1. d4 d5 2. c4 dxc4 3. e4 Nc6 4. d5 Ne5 5. f4 Ng6 6. Bxc4 e5 7. Ne2 Nf6 8.
Nbc3 Bc5 9. a3 O-O 10. Na4 Bd6 11. O-O a6 12. Nac3 Bg4 13. f5 Ne7 14. h3
Bxe2 15. Qxe2 b5 16. Bd3 c5 17. Bg5 Nc8 18. Rac1 c4 19. Bc2 Qb6+ 20. Kh1
Bc5 21. Nd1 Bd4 22. Ne3 Bxb2 23. Rb1 Bd4 24. Nxc4 Qc5 25. Ne3 Nd7 26. Rfc1
Qxa3 27. f6 Bxe3 28. fxg7 Bxg5 29. gxf8=Q+ Qxf8 30. Qg4 Qg7 31. Qxd7 Bxc1
32. Rxc1 Qg5 33. Rf1 Qg6 34. Qb7 Nb6 35. Qxb6 Qxb6 36. Bb3 Qd6 37. Rc1 Qb4
38. Rb1 a5 39. d6 Rd8 40. Bxf7+ Kxf7 41. Rxb4 axb4 42. Kg1 Rxd6 43. Kf2 b3
{ White resigns } 0-1

[Event "ICC tourney 2329 (3 2)"]
[Site "Internet Chess Club"]
[Date "2021.01.23"]
[Round "10"]
[White "al68067"]
[Black "MChessy"]
[Result "1-0"]
[ICCResult "Black forfeits on time"]
[WhiteElo "1155"]
[BlackElo "1950"]
[Opening "Queen's pawn: London system"]
[ECO "A45"]
[NIC "QP.05"]
[Time "00:08:29"]
[PlyCount "49"]
[TimeControl "180+2"]

1. d4 Nf6 2. Bf4 e6 3. Nf3 d5 4. e3 Bd6 5. Bg3 O-O 6. c4 c5 7. Nc3 cxd4 8.
Nxd4 Bb4 9. cxd5 Nxd5 10. Rc1 Qf6 11. Bc4 Rd8 12. O-O Bxc3 13. bxc3 e5 14.
Bxd5 Rxd5 15. Qa4 Bd7 16. Qb4 exd4 17. Qxb7 Bc6 18. Qc7 Nd7 19. cxd4 Bb5
20. Rfe1 Ba6 21. Rc6 Qd8 22. Qxd8+ Rxd8 23. Rxa6 Ra8 24. Rc1 Nf6 25. Rxa7 {
Black forfeits on time } 1-0

[Event "ICC tourney 2329 (3 2)"]
[Site "Internet Chess Club"]
[Date "2021.01.23"]
[Round "10"]
[White "Ayushb"]
[Black "yuanbao2007"]
[Result "1-0"]
[ICCResult "Black forfeits on time"]
[WhiteElo "1769"]
[BlackElo "1664"]
[Opening "French: exchange variation"]
[ECO "C01"]
[NIC "FR.01"]
[Time "00:08:20"]
[PlyCount "61"]
[TimeControl "180+2"]

1. e4 e6 2. d4 d5 3. exd5 exd5 4. Nf3 Bd6 5. Bd3 Ne7 6. O-O Nbc6 7. c3 Bg4
8. Bg5 Qd7 9. b4 f6 10. Be3 O-O 11. Nbd2 Bf5 12. Qc2 Rae8 13. Rfe1 Ng6 14.
Bxf5 Qf7 15. b5 Nce7 16. Bd3 f5 17. Nb3 f4 18. Bd2 b6 19. Ne5 Bxe5 20. dxe5
f3 21. g3 Qe6 22. Nd4 Qg4 23. Re3 Nh4 24. Qd1 Neg6 25. Bxg6 hxg6 26. Qf1
Nf5 27. Rxf3 Nxd4 28. Rxf8+ Rxf8 29. cxd4 Qxd4 30. Qe1 Rxf2 31. Be3 { Black
forfeits on time } 1-0

[Event "ICC tourney 2329 (3 2)"]
[Site "Internet Chess Club"]
[Date "2021.01.23"]
[Round "10"]
[White "BreatheChessAls"]
[Black "hackerguru"]
[Result "0-1"]
[ICCResult "White resigns"]
[WhiteElo "1915"]
[BlackElo "1750"]
[Opening "Queen's pawn: London system"]
[ECO "A45"]
[NIC "QP.07"]
[Time "00:08:12"]
[PlyCount "100"]
[TimeControl "180+2"]

1. d4 Nf6 2. Bf4 d5 3. e3 c5 4. c3 Nc6 5. Nd2 e6 6. Ngf3 Nh5 7. Bg5 f6 8.
Bh4 g6 9. Bd3 c4 10. Be2 Be7 11. O-O O-O 12. e4 Nf4 13. exd5 exd5 14. Bg3
Nxe2+ 15. Qxe2 Bd6 16. Bxd6 Qxd6 17. Rfe1 b5 18. b3 Bd7 19. Qd1 Rae8 20.
Nf1 Bf5 21. Ne3 Bd7 22. bxc4 bxc4 23. Rb1 f5 24. Rb5 f4 25. Rxd5 Qe6 26.
Ng5 Qf6 27. Nxh7 Kxh7 28. Rxd7+ Kg8 29. Nxc4 f3 30. g3 Qf5 31. Re5 Nxe5 32.
Nxe5 Qe4 33. Qd3 Qe1+ 34. Qf1 Qxf1+ 35. Kxf1 Rb8 36. Ke1 Rb2 37. Nxg6 Re8+
38. Ne5 Re2+ 39. Kf1 Rb8 40. Nxf3 Rxa2 41. Ne1 Rbb2 42. Nd3 Rd2 43. Ne5
Rxf2+ 44. Kg1 Rg2+ 45. Kh1 Rxh2+ 46. Kg1 Rhb2 47. Rd8+ Kg7 48. Rd7+ Kf6 49.
Rd6+ Kf5 50. Nf3 Rb1+ { White resigns } 0-1

[Event "ICC tourney 2329 (3 2)"]
[Site "Internet Chess Club"]
[Date "2021.01.23"]
[Round "10"]
[White "jefferyx"]
[Black "BMWHero"]
[Result "1-0"]
[ICCResult "Black forfeits on time"]
[WhiteElo "2825"]
[BlackElo "2580"]
[Opening "Nimzo-Indian: classical variation"]
[ECO "E32"]
[NIC "NI.24"]
[Time "00:09:02"]
[PlyCount "51"]
[TimeControl "180+2"]

1. d4 Nf6 2. c4 e6 3. Nc3 Bb4 4. Qc2 O-O 5. Nf3 b6 6. e4 c5 7. e5 Ne8 8. d5
exd5 9. cxd5 d6 10. Bd3 dxe5 11. Bxh7+ Kh8 12. Bg5 Qd6 13. Bd3 f5 14. Nh4
e4 15. Bc4 Nd7 16. Qe2 Ne5 17. Be7 Qh6 18. Bxf8 Qxh4 19. d6 e3 20. Qxe3
Nxc4 21. Qxe8 Bb7 22. d7 Kh7 23. Qe7 Qg4 24. h3 Qxg2 25. O-O-O Rxf8 26.
Rhg1 { Black forfeits on time } 1-0

[Event "ICC tourney 2329 (3 2)"]
[Site "Internet Chess Club"]
[Date "2021.01.23"]
[Round "10"]
[White "anmolwarman"]
[Black "Fuydestroyer"]
[Result "1-0"]
[ICCResult "Black checkmated"]
[WhiteElo "1187"]
[BlackElo "129"]
[Opening "English: four knights system"]
[ECO "A28"]
[NIC "EO.08"]
[Time "00:08:19"]
[PlyCount "129"]
[TimeControl "180+2"]

1. c4 e5 2. Nc3 Nf6 3. Nf3 Nc6 4. d4 exd4 5. Nxd4 Bc5 6. Nxc6 dxc6 7. Qxd8+
Kxd8 8. g3 Ke7 9. Bg2 Re8 10. a3 Kf8 11. O-O Bf5 12. Re1 Rad8 13. e4 Bg4
14. h3 Bh5 15. Bf4 Bd6 16. Bg5 Rd7 17. b4 a6 18. c5 Be5 19. Rac1 b5 20. g4
Bg6 21. f4 Bd4+ 22. Kh1 h6 23. Bxf6 gxf6 24. f5 Bh7 25. Red1 Red8 26. Re1
Bxc3 27. Rxc3 Rd1 28. Rxd1 Rxd1+ 29. Kh2 Ra1 30. Kg3 Ke7 31. Kh4 Ra2 32.
Bf3 Ra1 33. Kh5 Rh1 34. Bxh1 Kf8 35. Kxh6 Kg8 36. Bf3 Kh8 37. h4 Kg8 38. g5
Kh8 39. g6 fxg6 40. fxg6 Bg8 41. h5 Bf7 42. Bg4 Ba2 43. Bd7 Kg8 44. Bxc6
Kf8 45. Bb7 Ke8 46. Bxa6 Kd7 47. Bxb5+ Ke6 48. g7 Kf7 49. Bc4+ Bxc4 50.
Rxc4 c6 51. a4 f5 52. exf5 Kg8 53. a5 Kf7 54. a6 Kg8 55. a7 Kf7 56. f6 Kg8
57. a8=Q+ Kf7 58. Qf8+ Ke6 59. Qd6+ Kf5 60. Qf4+ Ke6 61. f7 Kd7 62. Qd6+
Kc8 63. f8=Q+ Kb7 64. Qfb8+ Ka6 65. Qxc6# { Black checkmated } 1-0